 Dungeon Crawl Stone Soup version 0.25-a0-734-g73332aeda9 (webtiles) character file.

Game seed: 15620997944562121255, levelgen mode: deterministic

177 BowlsofSteal the Skirmisher (level 5, -15/47 HPs)
             Began as a Minotaur Wanderer on Apr 11, 2020.
             Was a Follower of Elyvilon.
             Demolished by an ogre
             ... wielding a +0 giant club
              (23 damage)
             ... on level 4 of the Dungeon.
             The game lasted 00:17:03 (3240 turns).

BowlsofSteal the Skirmisher (Minotaur Wanderer)     Turns: 3240, Time: 00:17:04

Health: -15/47     AC:  5    Str: 19    XL:     5   Next: 30%
Magic:  1/4        EV: 12    Int: 10    God:    Elyvilon [*.....]
Gold:   234        SH:  0    Dex:  7    Spells: 3/4 levels left

rFire    . . .     SeeInvis .   a - +2 hand axe
rCold    . . .     Gourm    +   (no shield)
rNeg     . . .     Faith    .   v - +0 ring mail {MR+}
rPois    .         Spirit   .   (helmet restricted)
rElec    .         Reflect  .   l - scarf {repulsion}
rCorr    .         Harm     .   (no gloves)
MR       +....                  (no boots)
Stlth    +.........             z - amulet of the gourmand
HPRegen  0.15/turn              w - +2 ring of evasion
MPRegen  0.09/turn              x - ring of wizardry

@: very slightly contaminated, repel missiles
A: retaliatory headbutt, horns 2
a: Lesser Healing, Divine Protection, Renounce Religion


You were on level 4 of the Dungeon.
You worshipped Elyvilon.
Elyvilon was aware of your devotion.
You were full.

You visited 1 branch of the dungeon, and saw 4 of its levels.

You collected 234 gold pieces.

Inventory:

Hand Weapons
 a - a +2 hand axe (weapon)
 e - a +0 short sword
 o - a +0 falchion
 q - a +0 short sword
 y - a +0 mace
 B - a +0 hand axe
 C - a +0 flail
Missiles
 g - 43 sling bullets
 j - 48 arrows
Armour
 b - a +0 ring mail
 f - a +0 leather armour
 l - a scarf of repulsion (worn)
 r - a +0 chain mail
 s - a +0 ring mail
 v - a +0 ring mail of magic resistance (worn)
 E - a +0 robe
Jewellery
 w - a +2 ring of evasion (left hand)
 x - a ring of wizardry (right hand)
 z - an amulet of the gourmand (around neck)
Scrolls
 h - 4 scrolls of identify
 i - 5 scrolls of teleportation
 n - 4 scrolls of amnesia {unknown}
 p - a scroll of immolation {unknown}
 t - a scroll of remove curse {unknown}
Potions
 c - a potion of lignification
 k - a potion of cancellation {unknown}
 m - a potion of stabbing {unknown}
 u - 3 potions of degeneration {unknown}
 A - a potion of heal wounds {unknown}
 D - a potion of curing {unknown}
Comestibles
 d - 7 rations


   Skills:
 + Level 4.7 Fighting
 + Level 4.3 Axes
   Level 1.1 Bows
 + Level 3.8 Armour
 + Level 0.8 Dodging
 + Level 1.4 Stealth
   Level 1.2 Shields
 + Level 0.2 Spellcasting
 + Level 0.5 Summonings


You had 3 spell levels left.
You knew the following spells:

 Your Spells              Type           Power        Failure   Level  Hunger
a - Summon Small Mammal   Summ           #...         21%         1    ##.....

Your spell library contained the following spells:

 Spells                   Type           Power        Failure   Level  Hunger
 Call Imp                 Summ           #.......     28%         2    ###....
 Call Canine Familiar     Summ           #.......     50%         3    ####...
 Summon Guardian Golem    Hex/Summ       #.......     52%         3    ####...
 Summon Ice Beast         Ice/Summ       #.......     89%         4    #####..
 Summon Lightning Spire   Summ/Air       #.......     89%         4    #####..


Dungeon Overview and Level Annotations

Branches:
Dungeon (4/15)
 Temple: D:4-7

Altars:
Ashenzari
Elyvilon
Gozag
Trog

Shops:
D:4 *


Innate Abilities, Weirdness & Mutations

You reflexively headbutt those who attack you in melee.
You have a pair of horns on your head.


Message History

Your rat barely misses the ogre.
Your rat barely misses the ogre.
Casting: Summon Small Mammal (safe; 21% risk of failure)
Confirm with . or Enter, or press ? or * to list all spells.
The ogre closely misses you.
Your rat bites the ogre.
Your rat bites the ogre but does no damage.
Your rat disappears in a puff of smoke!
The ogre hits you with a +0 giant club!
* * * LOW HITPOINT WARNING * * *
Your rat bites the ogre.
You barely miss the ogre.
The ogre is severely wounded.
The ogre closely misses you. You furiously retaliate!
You headbutt the ogre, but do no damage.
Your rat barely misses the ogre.
You slash the ogre!
The ogre is almost dead.
The ogre hits you with a +0 giant club!!
You die...

.# ##. #.........#
.#.#.. #.........#
##.#....
#.....#####
##.....# #....##
###.....# ##....#
........#####.....#
................r.#
##<..#..###.....O.#
........##..##..@.#
........##.###....#
#....#..#..###....#
..####............#
### #.>.########..#
# ##...### ..# #
#...##.# ###
##....#.#
###..##.#.########


You could see an ogre and a friendly rat.

Vanquished Creatures
  A hound (D:4)
  An iguana (D:4)
  Robin (D:2)
  4 adders
  4 dart slugs
  A worm (D:3)
  A leopard gecko (D:3)
  3 orcs
  3 giant cockroaches
  10 goblins
  4 hobgoblins (D:2)
  6 jackals
  8 kobolds
  3 quokkas
  2 ball pythons
  4 bats
  2 frilled lizards
  7 rats
  A plant (D:3)
66 creatures vanquished.

Vanquished Creatures (others)
  A hobgoblin (D:2)
  A kobold (D:2)
2 creatures vanquished.

Grand Total: 68 creatures vanquished

Notes
Turn   | Place    | Note
-------+----------+-------------------------------------------
     0 | D:1      | BowlsofSteal the Minotaur Wanderer began the quest for the
                  | Orb.
     0 | D:1      | BowlsofSteal set off with the following items: a +2 hand
                  | axe, a +0 ring mail, a potion of lignification, a ration
     0 | D:1      | Reached XP level 1. HP: 19/19 MP: 0/0
   313 | D:1      | Reached XP level 2. HP: 25/27 MP: 1/1
   821 | D:2      | Reached XP level 3. HP: 34/34 MP: 2/2
   955 | D:2      | Noticed Robin
   974 | D:2      | Killed Robin
   974 | D:2      | Reached XP level 4. HP: 8/41 MP: 3/3
  1248 | D:2      | Found an opulent altar of Gozag.
  2089 | D:3      | Found a shattered altar of Ashenzari.
  2190 | D:3      | Found a faded altar of an unknown god.
  2235 | D:3      | Became a worshipper of Elyvilon the Healer
  2235 | D:3      | Reached * piety under Elyvilon
  2309 | D:3      | Learned a level 1 spell: Summon Small Mammal
  2695 | D:3      | Noticed a moth of wrath
  2697 | D:3      | Found a bloodstained altar of Trog.
  2942 | D:4      | Reached XP level 5. HP: 42/47 MP: 4/4
  3099 | D:4      | Found Nonguroq's Assorted Antiques.
  3196 | D:4      | Noticed an ogre
  3240 | D:4      | Demolished by an ogre

Levels and vault maps discovered:
D:1:      minmay_arrival_five_plusses, layout_loops_ring,
          grunt_decor_resistance, fountainhead
D:2:      layout_rooms, lemuel_crystal_altar, lemuel_flame_loot_1, uniq_robin
D:3:      layout_basic, ashenzari_conservatory_becter, tgw_trog, serial_forest,
          infiniplex_forest_clump_tiny, infiniplex_forest_clump_small,
          infiniplex_forest_lined_2, infiniplex_forest_lined_room_3,
          infiniplex_forest_straight_5, infiniplex_forest_end_2,
          infiniplex_forest_clump_curved, infiniplex_forest_clump_medium,
          chequers_ecumenical_altar_lobes, first_ration, kennysheep_nondescript,
          roderic_roman_lattice, solitary_fountain
D:4:      layout_rooms, serial_shops, shop

Skill      XL: |  1  2  3  4 |
---------------+-------------+-----
Fighting       | 4 |  4.7
Armour         | 3 |  3.8
Axes           | 3 4 |  4.3
Bows           | |  1.1
Dodging        | |  0.8
Stealth        | |  1.4
Shields        | |  1.2
Spellcasting   | |  0.2
Summonings     | |  0.5

Action                   |  1- 3 |  4- 6 || total
-------------------------+-------+-------++-------
Melee: Hand axe          |    70 |    97 ||   167
       Headbutt          |     8 |    22 ||    30
 Cast: Summon Small Mamm |       |    16 ||    16
  Use: Scroll            |       |     2 ||     2
  Eat: Chunk             |       |    10 ||    10
       Ration            |       |     1 ||     1
Armor: Ring mail         |    42 |    28 ||    70
Dodge: Dodged            |    54 |    59 ||   113
       Deflected         |    10 |     2 ||    12

Table legend:
 A = Non-vault XP
 B = Vault XP
 C = Vault XP percentage of total XP
 D = Non-vault monster count
 E = Vault monster count
 F = Vault count percentage of total count
                 A         B        C        D         E       F
            +---------+---------+-------+---------+---------+-------
      Total |     208 |      45 |  17.8 |      48 |      17 |  26.2
            +---------+---------+-------+---------+---------+-------
        D:1 |      25 |       4 |  13.8 |      12 |       2 |  14.3
        D:2 |      66 |      33 |  33.3 |      18 |      10 |  35.7
        D:3 |      32 |       8 |  20.0 |      11 |       5 |  31.2
        D:4 |      85 |       0 |   0.0 |       7 |       0 |   0.0
            +---------+---------+-------+---------+---------+-------
